 Dungeon Crawl Stone Soup version 0.30-a0-305-g026cb31310 (webtiles) character file.

Game seed: 18153146667716315718

995 Grendel1414 the Poker (level 8, -3/46 HPs)
             Began as a Tengu Reaver on Oct 22, 2022.
             Was a Follower of Kikubaaqudgha.
             Slain by a yak (12 damage)
             ... on level 6 of the Dungeon.
             The game lasted 00:06:31 (5417 turns).

Grendel1414 the Poker (Tengu Reaver)                Turns: 5417, Time: 00:06:31

Health: -3/46      AC:  3    Str: 15    XL:     8   Next: 19%
Magic:  15/15      EV: 15    Int: 14    God:    Kikubaaqudgha [*.....]
Gold:   176        SH:  0    Dex: 12    Spells: 8/15 levels left

rFire   . . .      SeeInvis .    p - +0 trident
rCold   . . .      Faith    .    (no shield)
rNeg    . . .      Spirit   .    b - +0 leather armour
rPois   .          Reflect  .    (helmet restricted)
rElec   .          Harm     .    (no cloak)
rCorr   .          Rampage  .    (no gloves)
Will    .....                    (boots unavailable)
Stlth   ++........               (no amulet)
HPRegen 0.27/turn                o - ring of wizardry
MPRegen 0.14/turn                (no ring)

@: flying quickly and evasively, quick
A: beak, talons 3, nimble flight
a: Renounce Religion, Unearth Wretches


You were on level 6 of the Dungeon.
You worshipped Kikubaaqudgha.
Kikubaaqudgha was aware of your devotion.
You visited 1 branch of the dungeon, and saw 6 of its levels.

You collected 176 gold pieces.

Inventory:

Hand Weapons
 p - a +0 trident (weapon)
Armour
 b - a +0 leather armour (worn)
Jewellery
 m - a ring of fire
 o - a ring of wizardry (left hand)
 s - a ring of poison resistance
 w - a ring of wizardry
 y - a ring of fire
Wands
 z - a wand of quicksilver (9)
 A - a wand of flame (24)
Scrolls
 a - a scroll of teleportation {unknown}
 d - 2 scrolls of enchant weapon {unknown}
 g - 2 scrolls of silence {unknown}
 j - 2 scrolls of immolation {unknown}
 l - 8 scrolls of identify {unknown}
 n - a scroll of amnesia {unknown}
 q - a scroll of butterflies {unknown}
 t - a scroll of torment {unknown}
 u - a scroll of blinking {unknown}
 v - a scroll of noise {unknown}
 x - a scroll of vulnerability {unknown}
Potions
 c - 2 potions of might {unknown}
 e - a potion of curing {unknown}
 f - 2 potions of lignification {unknown}
 h - 2 potions of degeneration {unknown}
 i - 2 potions of mutation {unknown}
 k - 2 potions of brilliance {unknown}
 r - 2 potions of attraction {unknown}
 B - a potion of heal wounds


   Skills:
 + Level 3.4 Fighting
 + Level 6.4 Polearms
 + Level 3.0 Armour
 + Level 4.1 Dodging
 + Level 1.9 Stealth
 * Level 4.1 Spellcasting
 + Level 4.8 Conjurations
 * Level 2.2 Necromancy


You had 8 spell levels left.
You knew the following spells:

 Your Spells              Type           Power      Damage    Failure   Level
a - Kiss of Death         Conj/Necr      48%        2d9       2%          1
b - Momentum Strike       Conj/Tloc      18%        3d8       5%          2
c - Stone Arrow           Conj/Erth      18%        3d8       11%         3
d - Necrotise             Necr           36%        1d5       4%          1

Your spell library contained the following spells:

 Spells                   Type           Power      Damage    Failure   Level
 Static Discharge         Conj/Air       18%        2-3/arc   5%          2
 Sublimation of Blood     Necr           9%         N/A       6%          2
 Beastly Appendage        Tmut           4%         N/A       10%         1
 Slow                     Hex            8%         N/A       10%         1
 Hailstorm                Conj/Ice       9%         3d4       11%         3
 Vampiric Draining        Necr           9%         2d6       12%         3
 Wereblood                Tmut           2%         N/A       14%         2
 Confusing Touch          Hex            2%         N/A       26%         3
 Ignite Poison            Fire/Tmut/Pois 2%         N/A       26%         3
 Portal Projectile        Hex/Tloc       4%         N/A       26%         3
 Spider Form              Tmut/Pois      2%         N/A       26%         3
 Tukima's Dance           Hex            2%         N/A       26%         3
 Vhi's Electric Charge    Tloc/Air       4%         N/A       26%         3
 Sticky Flame             Conj/Fire      9%         2d3       32%         4
 Animate Dead             Necr           9%         N/A       34%         4
 Animate Armour           Summ/Erth      4%         N/A       65%         4
 Arcjolt                  Conj/Air       4%         1d14      65%         5
 Lightning Bolt           Conj/Air       4%         1d16      65%         5
 Blade Hands              Tmut           1%         N/A       92%         5
 Ignition                 Fire           1%         3d3       100%        8
 Lehudib's Crystal Spear  Conj/Erth      4%         10d3      100%        8
 Maxwell's Capacitive Co  Air            1%         ∞         100%        8


Dungeon Overview and Level Annotations

Branches:
Dungeon (6/15)
 Temple: D:4-7

Altars:
Fedhas
Kikubaaqudgha


Innate Abilities, Weirdness & Mutations

You have a beak for a mouth.
You have claws for feet.
Your magical nature lets you fly swiftly and evasively.


Message History

The yak barely misses you.
You hit the yak. You claw the yak, but do no damage.
The yak is severely wounded.
The yak barely misses you.
You hit the yak. You peck the yak, but do no damage.
The yak is almost dead.
The yak misses you.
You hit the yak. Your kick misses the yak.
The yak is almost dead.
The yak gores you but does no damage.
You barely miss the yak. You claw the yak.
You kill the yak!
Kikubaaqudgha accepts your kill.
Your Armour skill increases to level 3!
Your Spellcasting skill increases to level 4!
Your Necromancy skill increases to level 2!
You hit the yak but do no damage. You peck the yak.
The yak is lightly wounded.
The yak misses you.
You hit the yak. You claw the yak, but do no damage.
The yak is lightly wounded.
The yak barely misses you.
You puncture the yak! You claw the yak. You peck the yak.
The yak is heavily wounded.
The yak gores you!
You hit the yak but do no damage. You claw the yak.
The yak is severely wounded.
The yak gores you.
You hit the yak.
The yak is severely wounded.
The yak gores you!
* * * LOW HITPOINT WARNING * * *
You hit the yak.
The yak is severely wounded.
The yak misses you.
You closely miss the yak.
The yak is severely wounded.
The yak gores you!
You die...
Kikubaaqudgha rasps: "You have failed me!
Welcome... death!"

#.# ....#8# #.#
....# #.# ....
##.########.### .
#.............# ...
###########.#.#....
#####.#......
#..........$.
#@###.#.#.... #Y#
#.#.# .. #Y# #.# #
#Y# #.# #.# #.. #.#
... ..# #.. ###


You could see 3 yaks.

Vanquished Creatures
  A yak (D:6)
  An ogre (D:5)
  A phantom (D:5)
  A bullfrog (D:4)
  A necrophage (D:5)
  2 scorpions
  3 jellies
  2 hounds (D:5)
  2 iguanas (D:5)
  An orc wizard (D:5)
  Robin (D:2)
  3 gnolls (D:4)
  4 adders
  3 worms
  2 dart slugs
  26 orcs
  7 endoplasms
  2 giant cockroaches
  16 goblins
  5 hobgoblins
  10 kobolds
  3 quokkas
  13 ball pythons
  6 bats
  4 frilled lizards
  2 rats (D:2)
122 creatures vanquished.

Vanquished Creatures (others)
  A hobgoblin (D:4)
1 creature vanquished.

Grand Total: 123 creatures vanquished

Notes
Turn   | Place    | Note
-------+----------+-------------------------------------------
     0 | D:1      | Grendel1414 the Tengu Reaver began the quest for the Orb.
     0 | D:1      | Reached XP level 1. HP: 12/12 MP: 4/4
   174 | D:1      | Reached XP level 2. HP: 16/17 MP: 6/6
   781 | D:2      | Noticed Robin
   789 | D:2      | Reached XP level 3. HP: 20/21 MP: 7/7
   803 | D:2      | Killed Robin
   805 | D:2      | Reached skill level 4 in Polearms
   976 | D:2      | Reached XP level 4. HP: 23/26 MP: 8/8
   981 | D:2      | Learned a level 2 spell: Momentum Strike
  1003 | D:2      | Learned a level 3 spell: Stone Arrow
  1748 | D:3      | Found a faded altar of an unknown god.
  1804 | D:3      | Reached skill level 1 in Armour
  2285 | D:3      | You fall into a shaft and drop 1 floor!
  2574 | D:3      | Gained mutation: Your magical nature lets you fly swiftly
                  | and evasively. [Tengu growth]
  2574 | D:3      | Reached XP level 5. HP: 28/30 MP: 9/9
  2691 | D:3      | Found an ancient bone altar of Kikubaaqudgha.
  2691 | D:3      | Found a blossoming altar of Fedhas.
  2703 | D:3      | Became a worshipper of Kikubaaqudgha
  2845 | D:3      | Reached skill level 1 in Stealth
  3067 | D:4      | Reached skill level 5 in Polearms
  3067 | D:4      | Reached XP level 6. HP: 20/36 MP: 9/11
  3578 | D:4      | Reached * piety under Kikubaaqudgha
  3578 | D:4      | Received a gift from Kikubaaqudgha
  3584 | D:4      | Learned a level 1 spell: Necrotise
  3774 | D:5      | Entered Level 5 of the Dungeon
  4019 | D:5      | Reached XP level 7. HP: 32/40 MP: 13/13
  4115 | D:5      | Reached skill level 1 in Necromancy
  4549 | D:5      | Reached skill level 6 in Polearms
  5393 | D:6      | Reached XP level 8. HP: 46/46 MP: 14/14
  5393 | D:6      | Noticed a yak
  5397 | D:6      | Noticed a yak
  5397 | D:6      | Noticed a yak
  5397 | D:6      | Noticed a yak
  5397 | D:6      | Noticed a yak
  5410 | D:6      | Killed a yak
  5417 | D:6      | Slain by a yak

Illustrated notes

Levels and vault maps discovered:
D:1:      dpeg_arrival_rhombus, layout_loops_cross, corexii_leaking_fountain,
          minivault_4
D:2:      layout_basic, minmay_fountain_box, roderic_lattice_a, uniq_robin
D:3:      layout_loops_cross, grunt_temple_overflow_growth_and_decay,
          nicolae_ecumenical_snake_handling, minmay_pentangle
D:4:      layout_loops_ring, serial_park_tiny_pond
D:5:      layout_basic
D:6:      layout_basic, mainiacjoe_overflow_large_starburst, temple_pool_b,
          kennysheep_doodads, uniq_grinder, uniq_duvessa

Skill      XL: |  1  2  3  4  5  6  7  8 |
---------------+-------------------------+-----
Polearms       | 4 5 6 |  6.4
Armour         | 1 2 3 |  3.0
Stealth        | 1 |  1.9
Spellcasting   | 3 4 |  4.1
Dodging        | 3 4 |  4.1
Necromancy     | 1 2 |  2.2
Fighting       | 3 |  3.4
Conjurations   | |  4.8

Action                   |  1- 3 |  4- 6 |  7- 9 || total
-------------------------+-------+-------+-------++-------
Melee: Spear             |    93 |    52 |       ||   145
       Kick              |    21 |    35 |    22 ||    78
       Peck              |     7 |    23 |    17 ||    47
       Trident           |       |   147 |    99 ||   246
       Punch             |       |     1 |       ||     1
 Cast: Kiss of Death     |     1 |     1 |       ||     2
       Momentum Strike   |       |     1 |     1 ||     2
       Necrotise         |       |       |     2 ||     2
 Stab: Sleeping          |     1 |     2 |     1 ||     4
Armor: Leather armour    |    10 |    21 |     9 ||    40
Dodge: Dodged            |    24 |    93 |    63 ||   180

Table legend: (Time is in decaauts)
 A = Elapsed time spent in this place.
 B = Non-inter-level travel time spent in this place.
 C = Inter-level travel time spent in this place.
 D = Time resting spent in this place.
 E = Time spent auto-exploring this place.
 F = Levels seen in this place.
 G = Mean time per level.
                   A        B        C        D        E       F      G
               +--------+--------+--------+--------+--------+-----+--------+
         Total |   5248 |   5138 |    110 |    811 |   3503 |   6 |  874.7 |
       Dungeon |   5248 |   5138 |    110 |    811 |   3503 |   6 |  874.7 |
               +--------+--------+--------+--------+--------+-----+--------+

Top non-repeatable levels by time:
     D:5: 1439 daAuts
     D:2: 1170 daAuts
     D:4: 978 daAuts
     D:3: 877 daAuts
     D:1: 732 daAuts
     D:6: 49 daAuts
